PAA
MARQUETTE MINERS @ MERCER ISLAND SCREAMING EAGLES
08/09/2034
 
TOP OF THE 1ST
Marquette Miners batting - Pitching for Mercer Island Screaming Eagles : RHP Ingo Abresch
Pitching: RHP Ingo Abresch
Batting: RHB Steve Albright 0-0: Ground out 1-3 (Groundball, 13S)
Batting: RHB Arvi Sutinen 0-0: Foul Ball, location: 2F
0-1: Swinging Strike
0-2: DOUBLE (Line Drive, 9LS)
Batting: RHB Brock Dean 0-0: Called Strike
0-1: Called Strike
0-2: Strikes out swinging
Batting: RHB Sameen Shaw 0-0: Ball
1-0: Ball
2-0: Foul Ball, location: 2F
2-1: Swinging Strike
2-2: Fly out, F9 (Line Drive, 89XD)
Top of the 1st over - 0 runs, 1 hit, 0 errors, 1 left on base; Marquette 0 - Mercer Island 0
BOTTOM OF THE 1ST
Mercer Island Screaming Eagles batting - Pitching for Marquette Miners : RHP Joe Shlabotnik
Pitching: RHP Joe Shlabotnik
Batting: RHB Oliver Burrell 0-0: Ball
1-0: Foul Ball, location: 2F
1-1: Ball
2-1: Ball
3-1: Base on Balls
Batting: RHB Barrett Drury 0-0: Ball
1-0: Ball
2-0: Ball
3-0: Base on Balls
Oliver Burrell to second
Batting: SHB Jeffery Simpson 0-0: Called Strike
0-1: Swinging Strike
0-2: Ball
Wild Pitch!
Oliver Burrell to third
Barrett Drury to second
1-2: Fly out, F8 (Flyball, 78M)
Runner from 3rd tags up, SCORES, throw made
Batting: SHB Serious Lee 0-0: Called Strike
0-1: Ball
1-1: Called Strike
1-2: Foul Ball, location: 2F
1-2: Fly out, F8 (Flyball, 8LS)
Batting: RHB Juan Reyes 0-0: Ball
1-0: Called Strike
1-1: Foul Ball, location: 2F
1-2: Foul Ball, location: 2F
1-2: Ball
2-2: Ball
3-2: Strikes out swinging
Bottom of the 1st over - 1 run, 0 hits, 0 errors, 1 left on base; Marquette 0 - Mercer Island 1
TOP OF THE 2ND
Marquette Miners batting - Pitching for Mercer Island Screaming Eagles : RHP Ingo Abresch
Batting: LHB Carlos Germán 0-0: Swinging Strike
0-1: Foul Ball, location: 2F
0-2: Foul Ball, location: 2F
0-2: Ball
1-2: Foul Ball, location: 2F
1-2: Ball
2-2: Foul Ball, location: 2F
2-2: Ball
3-2: Foul Ball, location: 2F
3-2: SINGLE (Groundball, 34D)
Batting: RHB Eli Cline 0-0: Ball
1-0: Ball
Carlos Germán steals 2nd base
2-0: Called Strike
2-1: Fly out, F3 (Popup, 3F)
Batting: RHB Mike Elzey 0-0: Ball
1-0: Fly out, F2 (Popup, 2RF)
Batting: RHB Vic Funnell 0-0: Called Strike
0-1: Ball
1-1: Ball
2-1: Ball
3-1: Base on Balls
Batting: RHB Alejandro Márquez 0-0: Fly out, F8 (Flyball, 8LM)
Top of the 2nd over - 0 runs, 1 hit, 0 errors, 2 left on base; Marquette 0 - Mercer Island 1
BOTTOM OF THE 2ND
Mercer Island Screaming Eagles batting - Pitching for Marquette Miners : RHP Joe Shlabotnik
Batting: SHB Jason Graham 0-0: SINGLE (Line Drive, 6MD)
Batting: RHB Bart Goodine 0-0: Ball
1-0: Called Strike
1-1: Ball
2-1: Swinging Strike
2-2: Ball
3-2: Grounds into double play, 6-4-3 (Groundball, 6)
Batting: RHB Alfredo García 0-0: Called Strike
0-1: Ball
1-1: Ball
2-1: Foul Ball, location: 2F
2-2: Foul Ball, location: 2F
2-2: Ground out 5-3 (Groundball, 56S)
Bottom of the 2nd over - 0 runs, 1 hit, 0 errors, 0 left on base; Marquette 0 - Mercer Island 1
TOP OF THE 3RD
Marquette Miners batting - Pitching for Mercer Island Screaming Eagles : RHP Ingo Abresch
Batting: RHB Steve Albright 0-0: Called Strike
0-1: Foul Ball, location: 2F
0-2: Ball
1-2: Ball
2-2: Ball
3-2: Base on Balls
Batting: RHB Arvi Sutinen 0-0: Ball
Steve Albright steals 2nd base
1-0: Swinging Strike
1-1: Ball
2-1: Foul Ball, location: 2F
2-2: DOUBLE (Line Drive, 89D)
Steve Albright scores
Batting: RHB Brock Dean 0-0: Ball
1-0: Called Strike
1-1: Ball
2-1: DOUBLE (Line Drive, 7LM)
Arvi Sutinen scores
Batting: RHB Sameen Shaw 0-0: Called Strike
Brock Dean steals 3rd base
0-1: DOUBLE (Flyball, 78D)
Brock Dean scores
Batting: LHB Carlos Germán 0-0: Ball
1-0: Called Strike
1-1: Ball
2-1: Ground out 4-3 (Groundball, 4)
Sameen Shaw to third
Batting: RHB Eli Cline 0-0: Ball
1-0: Ball
2-0: Called Strike
2-1: Swinging Strike
2-2: Fly out, F7 (Flyball, 7LS)
Runner from 3rd tags up, SCORES, no throw
Batting: RHB Mike Elzey 0-0: Ball
1-0: SINGLE (Line Drive, 78S)
Batting: RHB Vic Funnell 0-0: Ball
1-0: Ball
2-0: Called Strike
2-1: Ground out 3-1 (Groundball, 34)
Top of the 3rd over - 4 runs, 4 hits, 0 errors, 1 left on base; Marquette 4 - Mercer Island 1
BOTTOM OF THE 3RD
Mercer Island Screaming Eagles batting - Pitching for Marquette Miners : RHP Joe Shlabotnik
Batting: RHB Rubén Vásquez 0-0: Ball
1-0: Called Strike
1-1: Ground out 4-3 (Groundball, 4M)
Batting: RHB Oliver Burrell 0-0: Ground out 6-3 (Groundball, 6)
Batting: RHB Barrett Drury 0-0: Fly out, F5 (Line Drive, 5S)
Bottom of the 3rd over - 0 runs, 0 hits, 0 errors, 0 left on base; Marquette 4 - Mercer Island 1
TOP OF THE 4TH
Marquette Miners batting - Pitching for Mercer Island Screaming Eagles : RHP Ingo Abresch
Batting: RHB Alejandro Márquez 0-0: Called Strike
0-1: Ball
1-1: Ball
2-1: Ball
3-1: Base on Balls
Batting: RHB Steve Albright 0-0: Called Strike
0-1: Fly out, F9 (Line Drive, 89D)
Batting: RHB Arvi Sutinen 0-0: Ball
1-0: Ball
2-0: SINGLE (Groundball, 56D)
Alejandro Márquez to second
Pitching: RHP Raimo Kangas
Batting: RHB Brock Dean 0-0: Ball
1-0: Foul Ball, location: 2F
1-1: Ball
2-1: Called Strike
2-2: Grounds into double play, 6-4-3 (Groundball, 6)
Top of the 4th over - 0 runs, 1 hit, 0 errors, 1 left on base; Marquette 4 - Mercer Island 1
BOTTOM OF THE 4TH
Mercer Island Screaming Eagles batting - Pitching for Marquette Miners : RHP Joe Shlabotnik
Batting: SHB Jeffery Simpson 0-0: Foul Ball, location: 2F
0-1: Called Strike
0-2: Ball
1-2: Ball
2-2: Ball
3-2: Ground out 4-3 (Groundball, 4)
Batting: SHB Serious Lee 0-0: Ball
1-0: Reached on error, E4 (Groundball, 4S)
Batting: RHB Juan Reyes 0-0: Ball
Serious Lee steals 2nd base
1-0: Ball
2-0: Ball
3-0: Base on Balls
Batting: SHB Jason Graham 0-0: Ball
1-0: Foul Ball, location: 2F
1-1: Swinging Strike
1-2: Fielders Choice at 2nd, 1-6 (Groundball, 13S)
Serious Lee to third
Batting: RHB Bart Goodine 0-0: Called Strike
0-1: Ball
1-1: Ball
Wild Pitch!
Serious Lee scores
Jason Graham to second
2-1: Ball
3-1: Base on Balls
Pitching: LHP Jet Toner
Batting: RHB Alfredo García 0-0: Ball
1-0: Called Strike
1-1: Foul Ball, location: 2F
1-2: Foul Ball, location: 2F
1-2: Ball
2-2: Foul Ball, location: 2F
2-2: Foul Ball, location: 2F
2-2: Ball
3-2: SINGLE (Groundball, 56) (infield hit)
Jason Graham to third
Bart Goodine to second
Batting: RHB Rubén Vásquez 0-0: Reached on error, E6 (Groundball, 6)
Jason Graham scores
Bart Goodine to third
Alfredo García to second
Batting: RHB Oliver Burrell 0-0: Ball
1-0: Foul Ball, location: 2F
1-1: Ball
2-1: Ball
3-1: Called Strike
Error on foul ball, E3
3-2: Ground out 5-3 (Groundball, 56)
Bottom of the 4th over - 2 runs, 1 hit, 3 errors, 3 left on base; Marquette 4 - Mercer Island 3
TOP OF THE 5TH
Marquette Miners batting - Pitching for Mercer Island Screaming Eagles : RHP Raimo Kangas
Batting: RHB Sameen Shaw 0-0: Called Strike
0-1: Ball
1-1: Foul Ball, location: 2F
1-2: Strikes out swinging
Batting: LHB Carlos Germán 0-0: Called Strike
0-1: Ground out 5-3 (Groundball, 56S)
Batting: RHB Eli Cline 0-0: Fly out, F9 (Flyball, 9)
Top of the 5th over - 0 runs, 0 hits, 0 errors, 0 left on base; Marquette 4 - Mercer Island 3
BOTTOM OF THE 5TH
Mercer Island Screaming Eagles batting - Pitching for Marquette Miners : LHP Jet Toner
Batting: RHB Barrett Drury 0-0: Fly out, F6 (Popup, 6MD)
Batting: SHB Jeffery Simpson 0-0: Fly out, F4 (Popup, 4)
Batting: SHB Serious Lee 0-0: SINGLE (Popup, 34D)
Batting: RHB Juan Reyes 0-0: Ball
Serious Lee steals 2nd base
1-0: Fly out, F7 (Flyball, 78D)
Bottom of the 5th over - 0 runs, 1 hit, 0 errors, 1 left on base; Marquette 4 - Mercer Island 3
TOP OF THE 6TH
Marquette Miners batting - Pitching for Mercer Island Screaming Eagles : RHP Raimo Kangas
Batting: RHB Mike Elzey 0-0: Called Strike
0-1: Swinging Strike
0-2: Ball
1-2: Ball
2-2: Ball
3-2: Foul Ball, location: 2F
3-2: Strikes out swinging
Batting: RHB Vic Funnell 0-0: Ball
1-0: Called Strike
1-1: SINGLE (Groundball, 6D)
Batting: RHB Alejandro Márquez 0-0: Called Strike
Throwing error on steal attempt, E2
Vic Funnell to third
0-1: Swinging Strike
0-2: Foul Ball, location: 2F
0-2: Ball
1-2: Ball
2-2: 2-RUN HOME RUN (Flyball, 9D), Distance : 389 ft
Pitching: RHP Esteban Miroz
Batting: RHB Steve Albright 0-0: Ball
1-0: Foul Ball, location: 2F
1-1: Swinging Strike
1-2: Ball
2-2: Ball
3-2: Ground out 6-3 (Groundball, 6)
Batting: RHB Arvi Sutinen 0-0: Ball
1-0: Foul Ball, location: 2F
1-1: Ball
2-1: Ball
3-1: Called Strike
3-2: Foul Ball, location: 2F
3-2: SINGLE (Line Drive, 89S)
Batting: RHB Brock Dean 0-0: Ball
1-0: Foul Ball, location: 2F
1-1: Called Strike
1-2: Ball
2-2: Reached on error, E3 (Groundball, 34)
Arvi Sutinen to third
Batting: RHB Sameen Shaw 0-0: Called Strike
0-1: Ball
1-1: Swinging Strike
1-2: Strikes out swinging
Top of the 6th over - 2 runs, 3 hits, 2 errors, 2 left on base; Marquette 6 - Mercer Island 3
BOTTOM OF THE 6TH
Mercer Island Screaming Eagles batting - Pitching for Marquette Miners : LHP Jet Toner
Batting: SHB Jason Graham 0-0: Ball
1-0: Ball
2-0: SINGLE (Line Drive, 8RS)
Batting: RHB Bart Goodine 0-0: Called Strike
0-1: Ball
1-1: Swinging Strike
1-2: Ball
2-2: Foul Ball, location: 2F
2-2: Foul Ball, location: 2F
2-2: Ball
3-2: Foul Ball, location: 2F
3-2: Foul Ball, location: 2F
3-2: Strikes out looking
Jason Graham steals 2nd base
Batter strikes out.
Batting: RHB Alfredo García 0-0: Ball
1-0: Called Strike
1-1: Foul Ball, location: 2F
1-2: Ball
2-2: Ball
3-2: Base on Balls
Batting: RHB Rubén Vásquez 0-0: Called Strike
0-1: Fly out, F7 (Flyball, 7S)
Batting: RHB Oliver Burrell 0-0: Foul Ball, location: 2F
0-1: Ball
1-1: Foul Ball, location: 2F
1-2: Ball
2-2: Ball
3-2: Base on Balls
Jason Graham to third
Alfredo García to second
Batting: RHB Barrett Drury 0-0: Ball
1-0: Ball
2-0: SINGLE (Flyball, 78M)
Jason Graham scores
Alfredo García to third
Oliver Burrell to second
Runner from 3rd tries for Home, SAFE, no throw
Pitching: RHP Theodore Pillete
Batting: SHB Jeffery Simpson 0-0: Ball
1-0: Called Strike
1-1: Ball
2-1: Foul Ball, location: 2F
2-2: Ball
3-2: Fly out, F7 (Flyball, 7D)
Bottom of the 6th over - 2 runs, 2 hits, 0 errors, 2 left on base; Marquette 6 - Mercer Island 5
TOP OF THE 7TH
Marquette Miners batting - Pitching for Mercer Island Screaming Eagles : RHP Esteban Miroz
Batting: LHB Carlos Germán 0-0: Called Strike
0-1: Ball
1-1: Ball
2-1: DOUBLE (Flyball, 8LXD)
Batting: RHB Eli Cline 0-0: Called Strike
0-1: Fly out, F9 (Flyball, 9D)
Runner from 2nd tags up, SAFE at 3rd, no throw
Batting: RHB Mike Elzey 0-0: Ball
1-0: Ball
2-0: Called Strike
2-1: Ball
3-1: Swinging Strike
3-2: Base on Balls
Batting: RHB Vic Funnell 0-0: Called Strike
0-1: Foul Ball, location: 2F
0-2: SINGLE (Groundball, 56)
Carlos Germán scores
Mike Elzey to second
Batting: RHB Alejandro Márquez 0-0: Ball
1-0: Ball
2-0: Called Strike
2-1: Foul Ball, location: 2F
2-2: Foul Ball, location: 2F
2-2: Strikes out looking
Batting: RHB Steve Albright 0-0: Foul Ball, location: 2F
0-1: Ball
1-1: Ball
2-1: Fly out, F6 (Line Drive, 6)
Top of the 7th over - 1 run, 2 hits, 0 errors, 2 left on base; Marquette 7 - Mercer Island 5
BOTTOM OF THE 7TH
Mercer Island Screaming Eagles batting - Pitching for Marquette Miners : RHP Theodore Pillete
Batting: SHB Serious Lee 0-0: Fly out, F7 (Flyball, 7LS)
Batting: RHB Juan Reyes 0-0: Fly out, F7 (Flyball, 7)
Batting: SHB Jason Graham 0-0: Ground out 4-3 (Groundball, 34)
Bottom of the 7th over - 0 runs, 0 hits, 0 errors, 0 left on base; Marquette 7 - Mercer Island 5
TOP OF THE 8TH
Marquette Miners batting - Pitching for Mercer Island Screaming Eagles : RHP Esteban Miroz
Batting: RHB Arvi Sutinen 0-0: Ball
1-0: Ball
2-0: Foul Ball, location: 2F
2-1: Foul Ball, location: 2F
2-2: Ball
3-2: Strikes out swinging
Batting: RHB Brock Dean 0-0: Ball
1-0: Foul Ball, location: 2F
1-1: Ball
2-1: Ball
3-1: SINGLE (Line Drive, 6M)
Batting: RHB Sameen Shaw 0-0: Ball
Brock Dean steals 2nd base
1-0: Ball
2-0: Foul Ball, location: 2F
2-1: Ground out U3 (Groundball, 3S)
Brock Dean to third
Pitching: LHP Luis Oropeza
Batting: LHB Carlos Germán 0-0: Called Strike
0-1: Ball
1-1: Foul Ball, location: 2F
1-2: Strikes out swinging
Top of the 8th over - 0 runs, 1 hit, 0 errors, 1 left on base; Marquette 7 - Mercer Island 5
BOTTOM OF THE 8TH
Mercer Island Screaming Eagles batting - Pitching for Marquette Miners : RHP Theodore Pillete
Batting: RHB Bart Goodine 0-0: Ball
1-0: Ball
2-0: Ball
3-0: Called Strike
3-1: Fly out, F8 (Flyball, 8LD)
Batting: RHB Alfredo García 0-0: Ball
1-0: Fly out, F8 (Flyball, 8RD)
Batting: RHB Rubén Vásquez 0-0: Fly out, F7 (Flyball, 78M)
Bottom of the 8th over - 0 runs, 0 hits, 0 errors, 0 left on base; Marquette 7 - Mercer Island 5
TOP OF THE 9TH
Marquette Miners batting - Pitching for Mercer Island Screaming Eagles : LHP Luis Oropeza
Batting: RHB Eli Cline 0-0: Ball
1-0: Ball
2-0: Called Strike
2-1: Ball
3-1: Base on Balls
Batting: RHB Mike Elzey 0-0: Foul Ball, location: 2F
0-1: Foul Ball, location: 2F
0-2: SINGLE (Groundball, 4D)
Eli Cline to second
Batting: RHB Vic Funnell 0-0: Called Strike
0-1: Ball
1-1: Foul Ball, location: 2F
1-2: Strikes out swinging
Batting: RHB Alejandro Márquez 0-0: Called Strike
0-1: Grounds into double play, 5-4-3 (Groundball, 5)
Top of the 9th over - 0 runs, 1 hit, 0 errors, 1 left on base; Marquette 7 - Mercer Island 5
BOTTOM OF THE 9TH
Mercer Island Screaming Eagles batting - Pitching for Marquette Miners : RHP Theodore Pillete
Pitching: RHP Shawn Stevenson
Batting: RHB Oliver Burrell 0-0: Called Strike
0-1: Swinging Strike
0-2: Ball
1-2: Ball
2-2: Strikes out swinging
Batting: RHB Barrett Drury 0-0: Swinging Strike
0-1: Foul Ball, location: 2F
0-2: Strikes out swinging
Batting: SHB Jeffery Simpson 0-0: Foul Ball, location: 2F
0-1: Foul Ball, location: 2F
0-2: SOLO HOME RUN (Flyball, 9LD), Distance : 363 ft
Batting: SHB Serious Lee 0-0: Ball
1-0: Ground out 4-3 (Groundball, 4)
Bottom of the 9th over - 1 run, 1 hit, 0 errors, 0 left on base; Marquette 7 - Mercer Island 6
Friday, March 29th, 2019 - OOTP Baseball 18.8 Build 76